 Dungeon Sprint DCSS version 0.20-a0-633-gff4aa5c (webtiles) character file.

33 LORDOFBUTT the Cudgeler (level 3, -1/23 HPs)
             Began as a Gargoyle Fighter on Feb 12, 2017.
             Was an Initiate of Gozag.
             Slain by a two-headed ogre
             ... wielding a +0 giant club
              (8 damage)
             ... in the Dungeon (Sprint IX: "|||||||||||||||||||||||||||||").
             The game lasted 00:00:39 (547 turns).

LORDOFBUTT the Cudgeler (Gargoyle Fighter)           Turns: 547, Time: 00:00:39

Health: -1/23      AC: 14    Str: 23    XL:     3   Next: 29%
Magic:  3/3        EV:  5    Int:  8    God:    Gozag
Gold:   0          SH:  9    Dex: 12    Spells: 2/2 levels left

rFire    . . .     SeeInvis .   a - +0 flail
rCold    . . .     Gourm    .   q - +1 chain mail
rNeg     + . .     Faith    .   c - +0 shield
rPois    ∞         Spirit   .   r - +0 helmet
rElec    +         Reflect  .   (no cloak)
rCorr    .         Harm     .   (no gloves)
MR       .....     NoTele   +   (no boots)
Stlth    ..........             (no amulet)
Regen    0.1/turn               s - +3 ring of dexterity
                                p - +3 ring of strength

@: no status effects
A: negative energy resistance 1, electricity resistance, unbreathing,
petrification resistance, rot immunity, AC +3
a: Potion Petition, Call Merchant, Bribe Branch, Renounce Religion


You were in the Dungeon.
You worshipped Gozag.
Gozag was noncommittal.
You were not hungry.

You visited 1 branch

Inventory:

Hand Weapons
 a - a +0 flail (weapon)
Armour
 b - a +0 scale mail
 c - a +0 shield (worn)
 q - a +1 chain mail (worn)
 r - a +0 helmet (worn)
Jewellery
 p - a +3 ring of strength (left hand)
 s - a +3 ring of dexterity (right hand)
Wands
 o - a wand of lightning (7/15)
Scrolls
 k - 2 scrolls of blinking
 m - 3 scrolls of remove curse
 n - 2 scrolls of amnesia
Potions
 d - a potion of might
 e - 5 potions of curing
 g - 3 potions of heal wounds
 h - a potion of haste
 i - 4 potions of magic
 j - a potion of berserk rage
 l - a potion of invisibility
Comestibles
 f - a bread ration


   Skills:
 - Level 3.2 Fighting
 + Level 6.5 Maces & Flails
 - Level 3.2 Armour
 - Level 3.2 Shields


You had 2 spell levels left.
You didn't know any spells.

Dungeon Overview and Level Annotations

Branches:
Dungeon (1/1)

Altars:
Cheibriados
Dithmenos
Elyvilon
Fedhas
Gozag
Hepliaklqana
Kikubaaqudgha
Makhleb
Nemelex Xobeh
Okawaru
Qazlal
Ru
Sif Muna
Trog
Uskayaw
Vehumet
Xom
Yredelemnul
Zin
The Shining One
Beogh
Jiyva
Lugonu


Innate Abilities, Weirdness & Mutations

You are resistant to torment.
Your stone body is resilient. (AC +3)
You are immune to poison.
You resist negative energy. (rN+)
You are resistant to electric shocks. (rElec)
You can survive without breathing.
You are immune to petrification.
You are immune to rotting.


Message History

You feel agile.
s - a +3 ring of dexterity (right hand) As you open the door, it creaks loudly!
A bullfrog, a wyvern, a worker ant, a scorpion, a two-headed ogre and a skeleton come into view.
The wyvern hisses angrily.
The worker ant twitches its antennae in your direction.
You hit the two-headed ogre but do no damage.
The two-headed ogre hits you with a giant club.
You block the two-headed ogre's attack.
You closely miss the two-headed ogre.
The two-headed ogre hits you with a giant club!
Ouch! That really hurt!
The two-headed ogre hits you but does no damage.
You hit the two-headed ogre.
The two-headed ogre is lightly wounded.
You hit the two-headed ogre.
The two-headed ogre is lightly wounded.
The two-headed ogre hits you with a giant club!
You die...
Your body crumbles into a pile of gold.

▓.▓
$
▓.▓
$
▓|▓
$
▓)▓
$
▓.▓
▓[▓
$
▓.▓
▓.▓
$
▓@▓
$
▓O▓
$
▓s▓
▓l▓
$
▓a▓
$
▓Z▓
$
▓F▓
$
▓.▓
$


You could see a two-headed ogre, a wyvern, a bullfrog, a scorpion, a worker ant
and a bat skeleton.

Vanquished Creatures
  2 adders (D)
  An adder skeleton (D)
  A worm (D)
  A dart slug (D)
  A jackal (D)
  A quokka (D)
  A kobold (D)
  2 rats (D)
10 creatures vanquished.

Notes
Turn   | Place    | Note
-------+----------+-------------------------------------------
     0 | D        | LORDOFBUTT the Gargoyle Fighter began the quest for the Orb.
     0 | D        | Reached XP level 1. HP: 14/14 MP: 1/1
    13 | D        | Reached skill level 3 in Maces & Flails
    16 | D        | Reached skill level 4 in Maces & Flails
    29 | D        | Reached XP level 2. HP: 8/19 MP: 2/2
    35 | D        | Reached skill level 5 in Maces & Flails
    39 | D        | Reached skill level 6 in Maces & Flails
    39 | D        | Reached XP level 3. HP: 8/23 MP: 3/3
    51 | D        | Found a roughly hewn altar of Beogh.
    51 | D        | Found a snail-covered altar of Cheibriados.
    51 | D        | Found a shadowy altar of Dithmenos.
    51 | D        | Found a white marble altar of Elyvilon.
    51 | D        | Found a blossoming altar of Fedhas.
    51 | D        | Found an opulent altar of Gozag.
    52 | D        | Found a hazy altar of Hepliaklqana.
    53 | D        | Found a viscous altar of Jiyva.
    54 | D        | Found an ancient bone altar of Kikubaaqudgha.
    55 | D        | Found a corrupted altar of Lugonu.
    56 | D        | Found a burning altar of Makhleb.
    57 | D        | Found a sparkling altar of Nemelex Xobeh.
    64 | D        | Found an iron altar of Okawaru.
    65 | D        | Became a worshipper of Gozag Ym Sagoz the Greedy
   482 | D        | Found a stormy altar of Qazlal.
   483 | D        | Found a sacrificial altar of Ru.
   484 | D        | Found a deep blue altar of Sif Muna.
   485 | D        | Found a bloodstained altar of Trog.
   486 | D        | Found a hide-covered altar of Uskayaw.
   487 | D        | Found a radiant altar of Vehumet.
   488 | D        | Found a shimmering altar of Xom.
   489 | D        | Found a basalt altar of Yredelemnul.
   490 | D        | Found a glowing silver altar of Zin.
   491 | D        | Found a glowing golden altar of the Shining One.
   543 | D        | Noticed a two-headed ogre
   543 | D        | Noticed a scorpion
   543 | D        | Noticed a wyvern
   543 | D        | Noticed a bullfrog
   547 | D        | Slain by a two-headed ogre

Vault maps used:
D:        linesprint

Skill      XL: |  1  2 |
---------------+-------+-----
Maces & Flails | 4 6 |  6.5
Fighting       | |  3.2
Armour         | |  3.2
Shields        | |  3.2

Action                   || total
-------------------------++-------
Melee: Flail             ||    38
Armor: Scale mail        ||    12
       Chain mail        ||     1
Dodge: Dodged            ||     5
Block: Shield            ||    14
